 Dungeon Crawl Stone Soup version 0.21.1-1-g345015f (webtiles) character file.

39 johnjohn the Cudgeler (level 3, -1/36 HPs)
             Began as a Troll Berserker on May 27, 2018.
             Was a Believer of Trog.
             Succumbed to Robin's poison
             ... on level 2 of the Dungeon.
             The game lasted 00:03:20 (840 turns).

johnjohn the Cudgeler (Troll Berserker)              Turns: 840, Time: 00:03:20

Health: -1/36      AC:  5    Str: 25    XL:     3   Next: 26%
Magic:  2/2        EV: 10    Int:  3    God:    Trog [**....]
Gold:   32         SH:  0    Dex: 10    Spells: 2/2 levels left

rFire    . . .     SeeInvis .   a - +0 mace
rCold    . . .     Gourm    +   (no shield)
rNeg     . . .     Faith    .   b - +0 animal skin
rPois    .         Spirit   .   (helmet restricted)
rElec    .         Reflect  .   (no cloak)
rCorr    .         Harm     .   (gloves unavailable)
MR       .....                  (boots unavailable)
Stlth    +.........             (no amulet)
HPRegen  0.52/turn              (no ring)
MPRegen  0.08/turn              (no ring)

@: lethally poisoned (-1 -> -8), berserk cooldown, slowed, very slow
A: large, unfitting armour, claws 3, fast metabolism 3, gourmand, regeneration
1, shaggy fur 1, tough skin 2
a: Berserk, Trog's Hand, Burn Spellbooks, Renounce Religion


You were on level 2 of the Dungeon.
You worshipped Trog.
Trog was pleased with you.
You were very full.

You visited 1 branch of the dungeon, and saw 2 of its levels.

You collected 32 gold pieces.

Inventory:

Hand Weapons
 a - a +0 mace (weapon)
Armour
 b - a +0 animal skin (worn)
Scrolls
 e - 3 scrolls of teleportation {unknown}
 f - 2 scrolls of identify {unknown}
Potions
 d - a potion of degeneration {unknown}
Comestibles
 c - 5 rations


   Skills:
 + Level 2.8 Fighting
 + Level 3.3 Maces & Flails
 + Level 2.8 Dodging


You had 2 spell levels left.
You didn't know any spells.

Dungeon Overview and Level Annotations

Branches:
Dungeon (2/15)

Altars:

Annotations:
D:2 Robin


Innate Abilities, Weirdness & Mutations

You are too large for most types of armour.
You have claws for hands.
Your metabolism is lightning-fast.
You like to eat raw meat.
Your natural rate of healing is unusually fast.
You are covered in fur. (AC +1)
You have very tough skin. (AC +2)


Message History

Trog accepts your kill.
You feel sick.
The goblin no longer looks unusually strong.
Robin hits you from afar with a trident of venom.
* * * LOW HITPOINT WARNING * * *
You are more poisoned.
* * * LOW HITPOINT WARNING * * *
You feel very sick.
The goblin no longer looks unusually strong. x2
Robin closely misses you.
Things that are here:
a dagger; a hunting sling; 25 stones
* * * LOW HITPOINT WARNING * * *
You feel sick.
The goblin no longer looks unusually strong.
Robin throws the goblin at you! The goblin barely misses you.
You hit the goblin.
You kill the goblin!
Trog accepts your kill.
You die... ... ... ggg

#.# #g# #g# #.# #.# ######
#.. #)# #....# #)# #@#
#.##.# #.### ###.####.##.#
#...### .J#.#....##.#
#...#.8####.#.#.#####.#
#...#....##.#...#.....####
#<..#....##.#####.##.....#
#)..###..#+.......<#.###.#
#....)##'###.##..รท.#...#.#
#.........'..##.##...#.#.#


You could see Robin and 4 goblins.

Vanquished Creatures
  An ooze (D:2)
  A dart slug (D:1)
  A leopard gecko (D:1)
  9 goblins
  2 hobgoblins
  2 jackals (D:1)
  7 bats
  A frilled lizard (D:1)
  2 kobolds (D:1)
  7 rats
33 creatures vanquished.

Notes
Turn   | Place    | Note
-------+----------+-------------------------------------------
     0 | D:1      | johnjohn the Troll Berserker began the quest for the Orb.
     0 | D:1      | Reached XP level 1. HP: 22/22 MP: 0/0
     2 | D:1      | Noticed a human
     2 | D:1      | Noticed a minotaur
     4 | D:1      | Noticed a vine stalker
     4 | D:1      | Noticed a felid
     6 | D:1      | Noticed an octopode
     6 | D:1      | Noticed a demigod
     8 | D:1      | Noticed a draconian
    10 | D:1      | Noticed a troll
    10 | D:1      | Noticed a formicid
    12 | D:1      | Noticed a merfolk
    14 | D:1      | Noticed an elf
    14 | D:1      | Noticed a halfling
    16 | D:1      | Noticed a vampire
    18 | D:1      | Noticed a tengu
    18 | D:1      | Noticed a spriggan
    20 | D:1      | Noticed a demonspawn
    20 | D:1      | Noticed a naga
    22 | D:1      | Noticed a ghoul
    22 | D:1      | Noticed a centaur
    24 | D:1      | Noticed a dwarf
    26 | D:1      | Noticed an ogre
    26 | D:1      | Noticed a gargoyle
   144 | D:1      | Reached XP level 2. HP: 29/29 MP: 1/1
   500 | D:1      | Reached skill level 3 in Maces & Flails
   749 | D:2      | Reached XP level 3. HP: 33/36 MP: 2/2
   820 | D:2      | Noticed Robin
   834 | D:2      | Reached ** piety under Trog
   839 | D:2      | HP: 1/36 [poisoned by Robin]
   840 | D:2      | Succumbed to Robin's poison

Skill      XL: |  1  2 |
---------------+-------+-----
Maces & Flails | 3 |  3.3
Fighting       | |  2.8
Dodging        | |  2.8

Action                   || total
-------------------------++-------
Melee: Mace              ||   111
Invok: Berserk           ||     1
  Eat: Chunk             ||    13
Armor: Animal skin       ||    59
Dodge: Dodged            ||    96
